AoeStats
← Green Assassin

Oasis

507557582Analyzed
4v4 RM · 12d ago on Sep 18, 2026· 46m 27s· 8 players
Game mode
Random Map
Map size
Large (8 player)
Population
200
Speed
Normal
Resources
Standard
Victory
Conquest
Starting age
Dark Age
Ending age
Imperial Age
RankedLock teamsTeams togetherTeam positionsShared explorationLock speedFull tech treeHidden civsTurbo modeCheats
Victory
Defeat
🇲🇽 Hindustanis · Mexico
1188
+17
🇩🇪 Armenians · Germany
1174
+17
🇦🇷 Persians · Argentina
1168
+17
🇮🇹 Japanese · Italy
1138
+19
🇳🇴 Ethiopians · Norway
1269
-20
1210
-18
🇳🇴 Malians · Norway
1180
-17
🇩🇪 Inca · Germany
1131
-15
Teniente Rada
8:17 Loom
10:24 Feudal Age
14:32 Castle Age
12:46 Double-Bit Axe
13:36 Horse Collar
15:40 Bow Saw
21:22 Wheelbarrow
23:06 Hand Cart
23:10 Fletching
28:15 Imperial Age
26:18 Bodkin Arrow
26:57 Ballistics
28:34 Forging
28:30 Scale Barding Armor
30:03 Iron Casting
29:49 Bloodlines
29:39 Husbandry
30:10 Gold Mining
30:45 Heavy Camel Rider
31:47 Chain Barding Armor
32:53 Two-Man Saw
31:55 Heavy Plow
33:02 Blast Furnace
33:29 Plate Barding Armor
33:50 Gold Shaft Mining
33:24 Imperial Camel Rider
34:28 Town Watch
35:12 Stone Mining
37:38 Light Cavalry
38:26 Hussar
42:15 Chemistry
43:22 Caravan
46:39 Grand Trunk Road
47:00 Conscription
1
8:16 Feudal Age
8:02 Loom
8:10 Loom
9:12 Double-Bit Axe
16:56 Wheelbarrow
20:40 Castle Age
18:34 Horse Collar
18:45 Gold Mining
19:29 Bloodlines
19:56 Forging
20:07 Scale Barding Armor
20:31 Light Cavalry
21:12 Husbandry
21:23 Bow Saw
25:34 Iron Casting
26:41 Chain Barding Armor
30:03 Hand Cart
30:58 Heavy Plow
31:36 Gold Shaft Mining
35:55 Imperial Age
33:35 Stone Mining
35:37 Cavalier
36:53 Plate Barding Armor
37:19 Blast Furnace
36:58 Savar
39:24 Coinage
39:11 Fletching
39:57 Stone Shaft Mining
40:45 Banking
47:07 Two-Man Saw
46:37 Crop Rotation
ITA | Hexandro
12:50 Feudal Age
15:39 Loom
17:25 Fletching
17:36 Padded Archer Armor
25:35 Castle Age
24:36 Stone Mining
25:14 Double-Bit Axe
26:31 Wheelbarrow
27:29 Bodkin Arrow
33:55 Elite Skirmisher
35:14 Ballistics
37:15 Masonry
45:14 Imperial Age
45:09 Horse Collar
46:06 Leather Archer Armor
Green Assassin
0:26 Loom
11:18 Feudal Age
11:56 Arson
11:59 Man-at-Arms
19:43 Long Swordsman
22:01 Scale Mail Armor
25:56 Horse Collar
26:04 Double-Bit Axe
28:08 Wheelbarrow
31:43 Castle Age
30:41 Forging
30:22 Fletching
30:27 Pikeman
31:08 Gold Mining
33:39 Bow Saw
33:30 Heavy Plow
33:31 Bodkin Arrow
33:00 Two-Handed Swordsman
33:41 Squires
34:53 Champion
36:43 Hand Cart
41:01 Chain Mail Armor
41:25 Iron Casting
40:48 Gambesons
44:11 Imperial Age
42:05 Halberdier
44:49 Capped Ram
45:58 Conscription
K!
11:41 Feudal Age
10:00 Loom
11:46 Feudal Age
16:11 Castle Age
15:28 Double-Bit Axe
15:27 Horse Collar
17:15 Bow Saw
20:51 Wheelbarrow
20:28 Heavy Plow
23:39 Gold Mining
28:28 Imperial Age
26:58 Scale Barding Armor
27:03 Forging
27:36 Hand Cart
30:06 Chain Barding Armor
31:35 Heavy Camel Rider
32:46 Bloodlines
32:37 Husbandry
35:42 Farimba
36:26 Plate Barding Armor
36:27 Iron Casting
40:28 Fletching
42:02 Bodkin Arrow
42:33 Ballistics
Floki
8:31 Loom
9:28 Loom
11:43 Feudal Age
12:43 Double-Bit Axe
13:38 Horse Collar
18:44 Fletching
19:23 Padded Archer Armor
23:03 Castle Age
24:12 Wheelbarrow
23:37 Gold Mining
23:22 Crossbowman
24:16 Bodkin Arrow
25:00 Thumb Ring
25:34 Leather Archer Armor
25:57 Town Watch
26:53 Ballistics
27:48 Bow Saw
30:25 Hand Cart
30:57 Gold Shaft Mining
33:45 Heavy Plow
36:44 Imperial Age
36:53 Arbalester
38:42 Chemistry
37:43 Bracer
39:54 Ring Archer Armor
Luis
8:59 Loom
11:11 Feudal Age
14:24 Scale Mail Armor
21:37 Castle Age
19:35 Double-Bit Axe
21:22 Horse Collar
21:36 Gold Mining
21:41 Pikeman
23:57 Squires
24:28 Chain Mail Armor
25:07 Fletching
35:15 Imperial Age
33:04 Murder Holes
34:00 Forging
34:12 Ballistics
34:29 Bow Saw
34:41 Bodkin Arrow
36:20 Wheelbarrow
35:30 Town Watch
36:29 Heavy Plow
37:57 Plate Mail Armor
38:20 Conscription
37:34 Crossbowman
38:51 Hand Cart
39:19 Padded Archer Armor
40:57 Bracer
41:14 Leather Archer Armor
41:36 Iron Casting
43:32 Gold Shaft Mining
Ricardo Corazon de León
8:34 Loom
11:10 Feudal Age
11:17 Double-Bit Axe
11:26 Gold Mining
18:38 Fletching
Connection lost

Rejoining the realm…

Still unreachable

The connection could not be restored.

Session expired

The server has moved on; the page needs a fresh start.